 Dungeon Crawl Stone Soup version 0.23-a0-395-gcf17ac6 (webtiles) character file.

4 BingusPrime the Ruffian (level 1, -1/16 HPs)
             Began as a Draconian Transmuter on Nov 1, 2018.
             Slain by an ooze (3 damage)
             ... on level 1 of the Dungeon.
             The game lasted 00:00:33 (242 turns).

BingusPrime the Ruffian (Draconian Transmuter)       Turns: 242, Time: 00:00:33

Health: -1/16      AC:  4    Str: 12    XL:     1   Next: 58%
Magic:  1/3        EV: 12    Int: 13    God:
Gold:   24         SH:  0    Dex: 11    Spells: 3/4 levels left

rFire    . . .     SeeInvis .     - Unarmed
rCold    . . .     Gourm    .   (no shield)
rNeg     . . .     Faith    .   (armour unavailable)
rPois    .         Spirit   .   (helmet restricted)
rElec    .         Reflect  .   (no cloak)
rCorr    .         Harm     .   (no gloves)
MR       .....                  (boots currently unavailable)
Stlth    +.........             (no amulet)
HPRegen  0.05/turn              (no ring)
MPRegen  0.08/turn              (no ring)

@: appendage (expiring), very slightly contaminated, drained
A: unfitting armour, talons 3, cold-blooded, AC +4
a: End Transformation


You were on level 1 of the Dungeon.
You were not hungry.
You had grown temporary talons.
You visited 1 branch of the dungeon, and saw 1 of its levels.

You collected 24 gold pieces.

Inventory:

Missiles
 a - 12 arrows
Comestibles
 c - 4 rations


   Skills:
 + Level 1.1(0.4) Fighting
 + Level 1.7(1.1) Dodging
 * Level 3.2(2.5) Unarmed Combat
 + Level 2.0(1.3) Spellcasting
 + Level 2.1(1.4) Transmutations


You had 3 spell levels left.
You knew the following spells:

 Your Spells              Type           Power        Failure   Level  Hunger
a - Beastly Appendage     Tmut           #.....       16%         1    ##.....

Your spell library contained the following spells:

 Spells                   Type           Power        Failure   Level  Hunger
 Sticks to Snakes         Tmut           #.......     22%         2    ###....
 Spider Form              Tmut/Pois      #.........   52%         3    ####...
 Ice Form                 Ice/Tmut       #.......     90%         4    #####..
 Blade Hands              Tmut           #.........   99%         5    ######.


Dungeon Overview and Level Annotations

Branches:
Dungeon (1/15)

Altars:


Innate Abilities, Weirdness & Mutations

Your plain brown scales are hard. (AC +4)
You cannot fit into any form of body armour.
You are cold-blooded and may be slowed by cold attacks.
You have claws for feet.


Message History

You feel drained.
You are too injured to fight recklessly!
You barely miss the goblin. Your kick misses the goblin.
The ooze closely misses you. The goblin barely misses you.
You miss the goblin. Your kick misses the goblin.
Your tail-slap misses the goblin.
Your transformation is almost over.
The ooze hits you.
* * * LOW HITPOINT WARNING * * *
The goblin hits you but does no damage.
You feel drained.
You closely miss the goblin. You claw the goblin.
You kill the goblin!
The ooze barely misses you. The ooze closely misses you.
Things that are here:
a +1 dagger of draining; a goblin corpse You hit the ooze.
The ooze is severely wounded.
The ooze hits you.
You die...

.. #> #.......####(...
#.##.###.....#......###
##.....##.....###...####
#...#..##.....##..#.....
#...#...#.....#..###....
#.......................
#.......................
#...#..#..#.............
... ##J@................
.......#############....
....####........(..####.
.####.................##
##.......#########......
##.....####.......####...
##....###.............###.
#....##.....#######.....##
##...##....###.#...###....#


You could see an ooze.

Vanquished Creatures
  A giant cockroach (D:1)
  A goblin (D:1)
  2 bats (D:1)
  A rat (D:1)
5 creatures vanquished.

Notes
Turn   | Place    | Note
-------+----------+-------------------------------------------
     0 | D:1      | BingusPrime the Draconian Transmuter began the quest for
                  | the Orb.
     0 | D:1      | Reached XP level 1. HP: 16/16 MP: 3/3
   242 | D:1      | Slain by an ooze

Vault maps used:
D:1:      dpeg_arrival_circle_labyrinth_c

Action                   || total
-------------------------++-------
Melee: Unarmed           ||    12
       Kick              ||     2
       Tailslap          ||     1
 Cast: Beastly Appendage ||     3
Armor: Skin              ||     4
Dodge: Dodged            ||    13

Table legend:
 A = Non-vault XP
 B = Vault XP
 C = Vault XP percentage of total XP
 D = Non-vault monster count
 E = Vault monster count
 F = Vault count percentage of total count
                 A         B        C        D         E       F
            +---------+---------+-------+---------+---------+-------
      Total |       7 |       0 |   0.0 |       5 |       0 |   0.0
            +---------+---------+-------+---------+---------+-------
        D:1 |       7 |       0 |   0.0 |       5 |       0 |   0.0
            +---------+---------+-------+---------+---------+-------
